Get step-by-step instructions on how to execute this build order below. Start the game timer, and the build order will tick by so you can play in parallel with StarCraft on a second screen or mobile device.

Game Time

  0:00

Last Step

  N/A

Next Step

Upcoming Step



Don't want to look back and forth between 2 screens? Try out our Overwolf App, the Spawning Tool Build Advisor to get an in-game overlay with this build!

Complete Build Order

  12  0:00  SCV  
  13  0:12  SCV  
  14  0:17  Supply Depot  
  14  0:24  SCV  
  15  0:39  SCV  
  15  0:41  Barracks  
  16  0:46  Refinery  
  16  0:51  SCV  
  17  1:03  SCV  
  18  1:15  SCV  
  19  1:28  Orbital Command  
  19  1:32  Reaper  
  20  1:43  Command Center  
  20  1:47  Supply Depot  
  20  1:53  SCV  
  21  2:06  SCV  
  22  2:11  Barracks Reactor, Barracks  
  22  2:18  SCV  
  23  2:30  SCV  
  24  2:42  SCV  
  25  2:45  Factory  
  25  2:48  Marine x2  
  27  2:52  Refinery  
  27  2:54  SCV  
  28  3:01  Orbital Command  
  28  3:04  Barracks Tech Lab  
  28  3:06  Marine x2  
  28  3:07  SCV  
  31  3:19  SCV  
  32  3:24  Marine  
  33  3:30  Starport  
  33  3:31  SCV  
  33  3:32  Factory Reactor  
  33  3:33  SCV  
  35  3:41  Marine  
  35  3:42  Marine  
  35  3:43  SCV  
  35  3:45  SCV  
  39  3:55  SCV, Marine  
  40  4:02  Marine, Supply Depot  
  41  4:11  Marine  
  41  4:13  Marine  
  41  4:14  Orbital Command  
  43  4:19  Marine  
  43  4:29  Marine  
  43  4:31  Marine  
  42  4:37  Marine  
  44  4:44  Factory Tech Lab